 Dungeon Crawl Stone Soup version 0.23-a0-494-g91793a9 (webtiles) character file.

60 theanonym the Vexing (level 3, -2/27 HPs)
             Began as a Mummy Enchanter on Dec 3, 2018.
             Slain by a gnoll
             ... wielding a +0 halberd
              (11 damage)
             ... on level 2 of the Dungeon.
             The game lasted 00:02:27 (2102 turns).

theanonym the Vexing (Mummy Enchanter)              Turns: 2102, Time: 00:02:28

Health: -2/27      AC:  3    Str: 12    XL:     3   Next: 82%
Magic:  5/7        EV: 11    Int: 14    God:
Gold:   54         SH:  0    Dex: 12    Spells: 6/7 levels left

rFire    x . .     SeeInvis .   a - +1 dagger
rCold    + . .     Gourm    .   (no shield)
rNeg     + + +     Faith    .   f - +0 leather armour
rPois    ∞         Spirit   .   (no helmet)
rElec    .         Reflect  .   (no cloak)
rCorr    .         Harm     .   (no gloves)
MR       .....                  (no boots)
Stlth    ++........             (no amulet)
HPRegen  0.09/turn              (no ring)
MPRegen  0.10/turn              (no ring)

@: no status effects
A: no food or potions, fire vulnerability, cold resistance 1, negative energy
resistance 3, torment resistance, unbreathing
a: no special abilities


Innate Abilities, Weirdness & Mutations

You do not eat or drink.
Your flesh is vulnerable to fire.
You are immune to poison.
Your flesh is cold resistant. (rC+)
You are immune to negative energy. (rN+++)
You are immune to unholy pain and torment.
You can survive without breathing.


   Skills:
 + Level 1.8 Fighting
 * Level 2.5 Short Blades
 - Level 1.5 Dodging
 - Level 2.4 Stealth
 - Level 2.6 Spellcasting
 - Level 2.6 Hexes


You had 6 spell levels left.
You knew the following spells:

 Your Spells              Type           Power        Failure   Level  Hunger
a - Corona                Hex            #......      10%         1    N/A

Your spell library contained the following spells:

 Spells                   Type           Power        Failure   Level  Hunger
 Ensorcelled Hibernation  Hex/Ice        #.....       24%         2    N/A
 Confuse                  Hex            #.......     28%         3    N/A
 Tukima's Dance           Hex            #.......     28%         3    N/A
 Dazzling Spray           Conj/Hex       #.....       43%         3    N/A

Skill      XL: |  1  2 |
---------------+-------+-----
Short Blades   | 1 2 |  2.5
Fighting       | 1 |  1.8
Dodging        | |  1.5
Stealth        | |  2.4
Spellcasting   | |  2.6
Hexes          | |  2.6

Action                   || total
-------------------------++-------
Melee: Dagger            ||   168
 Cast: Corona            ||    13
 Stab: Sleeping          ||     2
Armor: Robe              ||    31
       Leather armour    ||     5
Dodge: Dodged            ||   110

Inventory:

Hand Weapons
 a - a +1 dagger (weapon)
Armour
 b - a +0 robe
 f - a +0 leather armour (worn)
   (You found it on level 2 of the Dungeon)
Scrolls
 c - a scroll of immolation {unknown}
 d - 2 scrolls of teleportation {unknown}
 e - a scroll of noise {unknown}


You were on level 2 of the Dungeon.
You were not hungry.

You visited 1 branch of the dungeon, and saw 2 of its levels.

You collected 54 gold pieces.

Dungeon Overview and Level Annotations

Branches:
Dungeon (2/15)

Altars:
Fedhas

.## .....#####
.......@.#
.####.##g# # #g#
#.#.......#.....#
.#....!..#g.)....
...._......%..##.#
.> .......#......
# #...# ..$..
#..#>### ##...#
... #.....


You could see 2 gnolls.

Notes
Turn   | Place    | Note
-------+----------+-------------------------------------------
     0 | D:1      | theanonym the Mummy Enchanter began the quest for the Orb.
     0 | D:1      | Reached XP level 1. HP: 13/13 MP: 4/4
    10 | D:1      | Reached skill level 1 in Short Blades
    81 | D:1      | HP: 7/14 [goblin/+0 club (4)]
   301 | D:1      | Reached XP level 2. HP: 15/20 MP: 3/5
   797 | D:1      | Reached skill level 1 in Fighting
  1063 | D:1      | HP: 10/21 [hobgoblin (3)]
  1070 | D:1      | Reached skill level 2 in Short Blades
  1462 | D:2      | Reached XP level 3. HP: 23/26 MP: 7/7
  1556 | D:2      | HP: 11/26 [hobgoblin/+0 hand axe (3)]
  1623 | D:2      | HP: 11/26 [hound zombie (1)]
  1836 | D:2      | Found a blossoming altar of Fedhas.
  1855 | D:2      | HP: 13/26 [gnoll (7)]
  1863 | D:2      | HP: 10/26 [gnoll (3)]
  2101 | D:2      | HP: 9/27 [gnoll/+0 halberd (10)]
  2102 | D:2      | Slain by a gnoll

Vanquished Creatures
  A hound zombie (D:2)
  A gnoll (D:2)
  2 giant cockroaches
  6 goblins
  3 hobgoblins
  11 jackals
  A kobold (D:1)
  A bat (D:1)
  2 frilled lizards
  4 rats
32 creatures vanquished.

Table legend:
 A = Turns spent in this place as a percentage of turns spent in the entire game.
 B = Non-inter-level travel turns spent in this place as a percentage of non-inter-level travel turns spent in the entire game.
 C = Inter-level travel turns spent in this place as a percentage of turns spent in this place.
 D = Turns resting spent in this place as a percentage of non-inter-level travel turns spent in this place.
 E = Turns spent auto-exploring this place as a percentage of non-inter-level travel turns spent in this place.
 F = Non-inter-level travel turns spent in this place divided by the number of levels of this place that you've seen.
                   A       B       C       D       E      F
               +-------+-------+-------+-------+-------+----------------------
         Total | 100.0 | 100.0 |   1.6 |  59.0 |  23.8 | 1034.0
       Dungeon | 100.0 | 100.0 |   1.6 |  59.0 |  23.8 | 1034.0
               +-------+-------+-------+-------+-------+----------------------
